 Dungeon Crawl Stone Soup version 0.30-a0-462-gd5975efbca (webtiles) character file.

Game seed: 10717182375241357423

639 avis the Chiller (level 7, -1/55 HPs)
             Began as a Demigod Ice Elementalist on Dec 16, 2022.
             Slain by an ogre
             ... wielding a +0 giant spiked club
              (19 damage)
             ... on level 4 of the Dungeon.
             The game lasted 00:26:59 (4711 turns).

avis the Chiller (Demigod Ice Elementalist)         Turns: 4711, Time: 00:26:59

Health: -1/55      AC:  2    Str:  9    XL:     7   Next: 5%
Magic:  13/16      EV: 12    Int: 17    God:
Gold:   247        SH:  0    Dex: 22    Spells: 7/14 levels left

rFire   . . .      SeeInvis .    a - +0 rapier
rCold   . . .      Faith    .    (no shield)
rNeg    . . .      Spirit   .    h - +0 robe
rPois   +          Reflect  .    (no helmet)
rElec   .          Harm     .    (no cloak)
rCorr   .          Rampage  .    (no gloves)
Will    .....                    (no boots)
Stlth   ++........               (no amulet)
HPRegen 0.29/turn                z - ring of poison resistance
MPRegen 0.15/turn                (no ring)

@: freezing walls
A: high MP 1, forlorn, divine attributes
a: no special abilities


You were on level 4 of the Dungeon.
You visited 1 branch of the dungeon, and saw 4 of its levels.

You collected 247 gold pieces.

Inventory:

Hand Weapons
 a - a +0 rapier (weapon)
 b - a +2 flail of protection
 p - a +0 short sword
 w - a +0 falchion
Missiles
 d - 2 poisoned darts (quivered)
 t - 3 boomerangs
 u - a throwing net
Armour
 e - an orb of guile
 h - a +0 robe (worn)
Jewellery
 z - a ring of poison resistance (left hand)
Wands
 f - a wand of flame (1)
Scrolls
 c - 2 scrolls of teleportation {unknown}
 i - a scroll of enchant armour {unknown}
 l - a scroll of torment {unknown}
 m - 2 scrolls of noise {unknown}
 n - a scroll of immolation {unknown}
 r - a scroll of enchant weapon {unknown}
 s - a scroll of poison {unknown}
 v - a scroll of magic mapping {unknown}
Potions
 g - 2 potions of brilliance
 j - 2 potions of degeneration
 k - a potion of lignification
 o - 3 potions of ambrosia {unknown}
 q - 3 potions of curing
 x - a potion of haste
 y - a potion of magic


   Skills:
 - Level 2.0 Fighting
 - Level 1.7 Dodging
 - Level 1.7 Stealth
 - Level 4.0 Spellcasting
 * Level 6.7 Ice Magic


You had 7 spell levels left.
You knew the following spells:

 Your Spells              Type           Power      Damage    Failure   Level
a - Freeze                Ice            100%       1d10      1%          1
o - Ozocubu's Armour      Ice            26%        N/A       3%          3
r - Frozen Ramparts       Ice            52%        1d8       3%          3

Your spell library contained the following spells:

 Spells                   Type           Power      Damage    Failure   Level
 Summon Ice Beast         Ice/Summ       14%        N/A       36%         4


Dungeon Overview and Level Annotations

Branches:
Dungeon (4/15)
 Temple: D:4-7


Innate Abilities, Weirdness & Mutations

You have an increased reservoir of magic. (+10% MP)
You shall have no god before yourself.
Your divine heritage dramatically boosts your attributes as you level up.


Message History

You start resting.
Your icy armour starts to melt.
An ogre comes into view. It is wielding a +0 giant spiked club.
An ogre is nearby!
Throw: 5 darts (poison)
Press: ? - help, Q - select action, (/) - cycle Shift-Dir - straight line, f - ogre
Aim: an ogre, wielding a +0 giant spiked club (wandering, hasn't noticed you, 77% to hit)
You throw a poisoned dart.
The poisoned dart barely misses the ogre.
The ogre shouts!
Throw: 4 darts (poison)
Press: ? - help, Q - select action, (/) - cycle Shift-Dir - straight line, f/p - ogre
Aim: an ogre, wielding a +0 giant spiked club (77% to hit)
You throw a poisoned dart.
The poisoned dart barely misses the ogre.
Throw: 3 darts (poison)
Press: ? - help, Q - select action, (/) - cycle Shift-Dir - straight line, f/p - ogre
Aim: an ogre, wielding a +0 giant spiked club (77% to hit)
You throw a poisoned dart. The poisoned dart hits the ogre.
The ogre is poisoned.
Casting: Ozocubu's Armour (dangerous; 3% risk of failure)
Confirm with . or Enter, or press ? or * to list all spells.
Casting: Frozen Ramparts (dangerous; 3% risk of failure)
Press: ? - help, Dir - look around, f - activate The walls around you are covered in ice.
The wall freezes the ogre.
You hit the ogre but do no damage.
The ogre is lightly wounded.
Your icy armour evaporates.
The wall freezes the ogre but does no damage.
The ogre hits you with a +0 giant spiked club!
You puncture the ogre!
The ogre is moderately wounded.
The ogre looks more healthy.
The wall freezes the ogre.
The ogre hits you with a +0 giant spiked club!!
You hit the ogre.
The ogre is severely wounded.
The wall freezes the ogre.
The ogre hits you with a +0 giant spiked club!!
You die...

#.# #.#
#.# #.#
#.# #.#
#.#
#.#####(#
#.@O)(.(#
#########


You could see an ogre.

Vanquished Creatures
  Eustachio (D:3)
  Menkaure (D:4)
  A phantom (D:4)
  A scorpion (D:4)
  An orc priest (D:4)
  An orc wizard (D:4)
  7 adders
  4 gnolls (D:3)
  2 worms
  A dart slug (D:2)
  8 orcs
  8 endoplasms
  3 giant cockroaches
  9 hobgoblins
  7 jackals (D:3)
  4 kobolds
  3 quokkas
  9 ball pythons
  3 bats
  3 frilled lizards
  8 goblins
  2 rats
87 creatures vanquished.

Notes
Turn   | Place    | Note
-------+----------+-------------------------------------------
     0 | D:1      | avis the Demigod Ice Elementalist began the quest for the
                  | Orb.
     0 | D:1      | Reached XP level 1. HP: 14/14 MP: 5/5
   341 | D:1      | Reached skill level 4 in Ice Magic
   442 | D:1      | Reached XP level 2. HP: 20/20 MP: 2/7
  1308 | D:2      | Reached XP level 3. HP: 25/26 MP: 3/9
  1315 | D:2      | Learned a level 3 spell: Frozen Ramparts
  1319 | D:2      | Learned a level 3 spell: Ozocubu's Armour
  1958 | D:2      | Upgraded the game from 0.30-a0-459-g9104f0fc43 to
                  | 0.30-a0-462-gd5975efbca
  2221 | D:3      | Reached XP level 4. HP: 33/33 MP: 3/10
  2300 | D:3      | Reached skill level 5 in Ice Magic
  3011 | D:3      | Reached skill level 1 in Fighting
  3144 | D:3      | Reached XP level 5. HP: 39/40 MP: 3/12
  3667 | D:4      | Noticed Eustachio
  3681 | D:3      | Killed Eustachio
  3877 | D:4      | Reached XP level 6. HP: 48/48 MP: 6/13
  4032 | D:4      | Noticed Menkaure
  4042 | D:4      | Killed Menkaure
  4043 | D:4      | Reached skill level 6 in Ice Magic
  4567 | D:4      | Reached XP level 7. HP: 44/55 MP: 9/16
  4711 | D:4      | Slain by an ogre

Illustrated notes

Levels and vault maps discovered:
D:1:      lemuel_arrival_tunnels, layout_basic, chequers_serial_rivers_marsh
D:2:      layout_rooms, serial_glass, glass_columns_a, glass_columns_a
D:3:      layout_basic, nicolae_overflow_crystal_walls
D:4:      layout_basic, uniq_menkaure, uniq_eustachio

Skill      XL: |  1  2  3  4  5  6 |
---------------+-------------------+-----
Ice Magic      | 4 5 6 |  6.7
Spellcasting   | 2 3 4 |  4.0
Fighting       | 1 2 |  2.0
Dodging        | |  1.7
Stealth        | |  1.7

Action                   |  1- 3 |  4- 6 |  7- 9 || total
-------------------------+-------+-------+-------++-------
Melee: Short sword       |     2 |       |       ||     2
       Rapier            |     3 |    48 |     6 ||    57
Throw: Dart              |       |     4 |     3 ||     7
 Cast: Freeze            |    68 |     9 |       ||    77
       Frozen Ramparts   |     3 |    22 |     2 ||    27
       Ozocubu's Armour  |     2 |    16 |     1 ||    19
Evoke: Wand              |       |     6 |       ||     6
  Use: Scroll            |       |     4 |       ||     4
 Stab: Sleeping          |     3 |     2 |     1 ||     6
Armor: Robe              |     9 |    22 |       ||    31
Dodge: Dodged            |    25 |    30 |     1 ||    56

Table legend: (Time is in decaauts)
 A = Elapsed time spent in this place.
 B = Non-inter-level travel time spent in this place.
 C = Inter-level travel time spent in this place.
 D = Time resting spent in this place.
 E = Time spent auto-exploring this place.
 F = Levels seen in this place.
 G = Mean time per level.
                   A        B        C        D        E       F      G
               +--------+--------+--------+--------+--------+-----+--------+
         Total |   4728 |   4442 |    286 |   1881 |   1507 |   4 | 1182.0 |
       Dungeon |   4728 |   4442 |    286 |   1881 |   1507 |   4 | 1182.0 |
               +--------+--------+--------+--------+--------+-----+--------+

Top non-repeatable levels by time:
     D:3: 1918 daAuts
     D:1: 1144 daAuts
     D:4: 900 daAuts
     D:2: 765 daAuts
